SAL
ROME BRAVES @ AUGUSTA GREENJACKETS
04/18/2099
 
TOP OF THE 1ST
Rome Braves batting - Pitching for Augusta GreenJackets : RHP Gaby Dempsey
Pitching: RHP Gaby Dempsey
Batting: RHB Jesus Asevedo 0-0: Swinging Strike
0-1: Ball
1-1: Called Strike
1-2: Strikes out swinging
Batting: RHB Kevin Gricus 0-0: Swinging Strike
0-1: Foul Ball, location: 3SF
0-2: Strikes out swinging, 2-3 out at first.
Batting: LHB David Joachim 0-0: Called Strike
0-1: Called Strike
0-2: Ball
1-2: Ball
2-2: Foul Ball, location: 7LSF
2-2: Strikes out swinging
Top of the 1st over - 0 runs, 0 hits, 0 errors, 0 left on base; Rome 0 - Augusta 0
BOTTOM OF THE 1ST
Augusta GreenJackets batting - Pitching for Rome Braves : RHP Tony Chavez
Pitching: RHP Tony Chavez
Batting: RHB Michael Meinert 0-0: Ground out 6-3 (Groundball, 6M, EV 90.6 MPH)
Batting: SHB Jacob Carmer 0-0: Foul Ball, location: 2F
0-1: Ball
1-1: Ball
2-1: Foul Ball, location: 2RF
2-2: Foul Ball, location: 2F
2-2: Strikes out swinging
Batting: SHB Matt Russ 0-0: Fly out, F8 (Flyball, 8RM, EV 99.4 MPH)
Bottom of the 1st over - 0 runs, 0 hits, 0 errors, 0 left on base; Rome 0 - Augusta 0
TOP OF THE 2ND
Rome Braves batting - Pitching for Augusta GreenJackets : RHP Gaby Dempsey
Batting: RHB Todd Cabe 0-0: Ground out U3 (Groundball, 34, EV 91.9 MPH)
Batting: SHB Steve Bachleitner 0-0: Ball
1-0: Ground out U3 (Groundball, 34, EV 101.3 MPH)
Batting: RHB Ronnie Lambert 0-0: Ball
1-0: Foul Ball, location: 2F
1-1: Ball
2-1: Swinging Strike
2-2: Foul Ball, location: 9LMF
2-2: Foul Ball, location: 9LMF
2-2: Strikes out looking
Top of the 2nd over - 0 runs, 0 hits, 0 errors, 0 left on base; Rome 0 - Augusta 0
BOTTOM OF THE 2ND
Augusta GreenJackets batting - Pitching for Rome Braves : RHP Tony Chavez
Batting: LHB Steve Inniss 0-0: Ball
1-0: Called Strike
1-1: Foul Ball, location: 23FF
1-2: Foul Ball, location: 2F
1-2: Ball
2-2: Ball
3-2: Fly out, F8 (Flyball, 8RXD, EV 95.6 MPH)
Batting: RHB Kevin Sides 0-0: Called Strike
0-1: Ball
1-1: Fly out, F9 (Flyball, 9D, EV 97.5 MPH)
Batting: RHB Andres Garcia 0-0: Foul Ball, location: 9LMF
0-1: Called Strike
0-2: Ball
1-2: Strikes out swinging, 2-3 out at first.
Bottom of the 2nd over - 0 runs, 0 hits, 0 errors, 0 left on base; Rome 0 - Augusta 0
TOP OF THE 3RD
Rome Braves batting - Pitching for Augusta GreenJackets : RHP Gaby Dempsey
Batting: LHB Justin Swartz 0-0: Ball
1-0: Ball
2-0: Called Strike
2-1: Foul Ball, location: 7LSF
2-2: SINGLE (Groundball, 4, EV 76.9 MPH)
Batting: RHB Justin Goldenstein 0-0: Sac Bunt to 3S - play at first, batter OUT! 3-1
Justin Swartz to second
Batting: RHB Henry Bedford 0-0: Swinging Strike
0-1: Ball
1-1: Ball
2-1: Fly out, F8 (Line Drive, 78M, EV 97.5 MPH)
Batting: RHB Jesus Asevedo 0-0: Ball
1-0: Foul Ball, location: 2F
1-1: Foul Ball, location: 2LF
1-2: Fly out, F6 (Popup, 6MS, EV 76.3 MPH)
Top of the 3rd over - 0 runs, 1 hit, 0 errors, 1 left on base; Rome 0 - Augusta 0
BOTTOM OF THE 3RD
Augusta GreenJackets batting - Pitching for Rome Braves : RHP Tony Chavez
Pitching: LHP Jonathan Nelson
Batting: RHB Ted Voeltner 0-0: Ball
1-0: Called Strike
1-1: Fly out, F9 (Flyball, 9, EV 75.0 MPH)
Batting: RHB Antonio Rivera 0-0: Called Strike
0-1: Called Strike
0-2: Ball
1-2: Foul Ball, location: 23FF
1-2: Fly out, F8 (Flyball, 8RD, EV 81.9 MPH)
Batting: RHB Justin Wagner 0-0: Fly out, F7 (Flyball, 78S, EV 83.1 MPH)
Bottom of the 3rd over - 0 runs, 0 hits, 0 errors, 0 left on base; Rome 0 - Augusta 0
TOP OF THE 4TH
Rome Braves batting - Pitching for Augusta GreenJackets : RHP Gaby Dempsey
Batting: RHB Kevin Gricus 0-0: Swinging Strike
0-1: Swinging Strike
0-2: Ground out 4-3 (Groundball, 4, EV 100.6 MPH)
Batting: LHB David Joachim 0-0: Ball
1-0: Foul Ball, location: 3F
1-1: Called Strike
1-2: Foul Ball, location: 5SF
1-2: Reached on error, E5 (Groundball, 5, EV 101.3 MPH)
Batting: RHB Todd Cabe 0-0: Ball
1-0: Ball
2-0: Called Strike
2-1: Swinging Strike
2-2: Foul Ball, location: 5FF
2-2: Ball
3-2: Fielders Choice at 2nd, 3-6 (Groundball, 3, EV 87.5 MPH)
Batting: SHB Steve Bachleitner 0-0: Called Strike
0-1: Ball
1-1: Swinging Strike
1-2: Foul Ball, location: 2F
1-2: Foul Ball, location: 7LDF
1-2: Ground out 4-3 (Groundball, 4, EV 89.4 MPH)
Top of the 4th over - 0 runs, 0 hits, 1 error, 1 left on base; Rome 0 - Augusta 0
BOTTOM OF THE 4TH
Augusta GreenJackets batting - Pitching for Rome Braves : LHP Jonathan Nelson
Batting: RHB Michael Meinert 0-0: Foul Ball, location: 5DF
0-1: Ball
1-1: Called Strike
1-2: Strikes out swinging
Batting: SHB Jacob Carmer 0-0: Ball
1-0: Swinging Strike
1-1: Ground out 4-3 (Groundball, 4, EV 86.9 MPH)
Batting: SHB Matt Russ 0-0: Ball
1-0: Ball
2-0: Called Strike
2-1: Ground out 6-3 (Groundball, 6, EV 105.6 MPH)
Bottom of the 4th over - 0 runs, 0 hits, 0 errors, 0 left on base; Rome 0 - Augusta 0
TOP OF THE 5TH
Rome Braves batting - Pitching for Augusta GreenJackets : RHP Gaby Dempsey
Batting: RHB Ronnie Lambert 0-0: Ground out 6-3 (Groundball, 6, EV 96.9 MPH)
Batting: LHB Justin Swartz 0-0: Ball
1-0: Ball
2-0: Ball
3-0: Base on Balls
Batting: RHB Justin Goldenstein 0-0: Foul Ball, location: 3FF
0-1: Foul Ball, location: 23FF
0-2: SINGLE (Line Drive, 9S, EV 90.0 MPH)
Justin Swartz to second
Batting: RHB Henry Bedford 0-0: Ball
1-0: Ball
2-0: Foul Ball, location: 3FF
2-1: Ball
3-1: Called Strike
3-2: Base on Balls
Justin Swartz to third
Justin Goldenstein to second
Batting: RHB Jesus Asevedo 0-0: Ball
1-0: Swinging Strike
1-1: Foul Ball, location: 3DF
1-2: Fly out, F8 (Flyball, 8LD, EV 100.0 MPH)
Runner from 3rd tags up, SCORES, throw by CF
Justin Goldenstein to third
Batting: RHB Kevin Gricus 0-0: Called Strike
0-1: SINGLE (Line Drive, 6M, EV 105.6 MPH)
Justin Goldenstein scores
Henry Bedford to second
Batting: LHB David Joachim 0-0: Ball
1-0: SINGLE (Popup, 4MD, EV 50.0 MPH)
Henry Bedford to third
Kevin Gricus to second
Runner from 3rd tries for Home, SAFE, throw by 2B to home
Batting: RHB Todd Cabe 0-0: Called Strike
0-1: Ball
1-1: Fielders Choice at 2nd, 6-4 (Groundball, 56, EV 98.1 MPH)
Top of the 5th over - 3 runs, 3 hits, 0 errors, 2 left on base; Rome 3 - Augusta 0
BOTTOM OF THE 5TH
Augusta GreenJackets batting - Pitching for Rome Braves : LHP Jonathan Nelson
Batting: LHB Steve Inniss 0-0: Called Strike
0-1: Ball
1-1: Foul Ball, location: 2F
1-2: Ball
2-2: Foul Ball, location: 2F
2-2: Foul Ball, location: 25F
2-2: Ground out 3-1 (Groundball, 34S, EV 78.1 MPH)
Batting: RHB Kevin Sides 0-0: Foul Ball, location: 2F
0-1: Foul Ball, location: 2F
0-2: Ball
1-2: Strikes out swinging
Batting: RHB Andres Garcia 0-0: Ball
1-0: Ground out 4-3 (Groundball, 4, EV 98.1 MPH)
Bottom of the 5th over - 0 runs, 0 hits, 0 errors, 0 left on base; Rome 3 - Augusta 0
TOP OF THE 6TH
Rome Braves batting - Pitching for Augusta GreenJackets : RHP Gaby Dempsey
Batting: SHB Steve Bachleitner 0-0: Called Strike
0-1: Ball
1-1: Ball
2-1: Ground out 6-3 (Groundball, 6, EV 91.3 MPH)
Pitching: RHP Chip Herndon
Batting: RHB Ronnie Lambert 0-0: Called Strike
0-1: Foul Ball, location: 3FF
0-2: Ball
1-2: Ground out 4-3 (Groundball, 34, EV 82.5 MPH)
Batting: LHB Justin Swartz 0-0: Called Strike
0-1: Ball
1-1: Called Strike
1-2: Ball
2-2: Ball
3-2: SINGLE (Groundball, 4D, EV 108.8 MPH)
Batting: RHB Justin Goldenstein 0-0: Ball
1-0: Ball
2-0: Swinging Strike
2-1: Foul Ball, location: 9LSF
2-2: Foul Ball, location: 9LSFF
2-2: Strikes out swinging
Top of the 6th over - 0 runs, 1 hit, 0 errors, 1 left on base; Rome 3 - Augusta 0
BOTTOM OF THE 6TH
Augusta GreenJackets batting - Pitching for Rome Braves : LHP Jonathan Nelson
Batting: RHB Ted Voeltner 0-0: Ball
1-0: Ball
2-0: Ball
3-0: Called Strike
3-1: Swinging Strike
3-2: Strikes out looking
Batting: RHB Antonio Rivera 0-0: Foul Ball, location: 2F
0-1: Swinging Strike
0-2: Ball
1-2: Ball
2-2: Strikes out swinging
Batting: RHB Justin Wagner 0-0: Foul Ball, location: 7LDF
0-1: Ball
1-1: Swinging Strike
1-2: Foul Ball, location: 2F
1-2: Foul Ball, location: 5FF
1-2: Ball
2-2: Ball
3-2: Strikes out swinging
Bottom of the 6th over - 0 runs, 0 hits, 0 errors, 0 left on base; Rome 3 - Augusta 0
TOP OF THE 7TH
Rome Braves batting - Pitching for Augusta GreenJackets : RHP Chip Herndon
Batting: RHB Henry Bedford 0-0: Swinging Strike
0-1: Swinging Strike
0-2: Ball
1-2: Strikes out swinging
Batting: RHB Jesus Asevedo 0-0: Fly out, F5 (Popup, 5S, EV 88.8 MPH)
Batting: RHB Kevin Gricus 0-0: Fly out, F9 (Flyball, 9S, EV 95.0 MPH)
Top of the 7th over - 0 runs, 0 hits, 0 errors, 0 left on base; Rome 3 - Augusta 0
BOTTOM OF THE 7TH
Augusta GreenJackets batting - Pitching for Rome Braves : LHP Jonathan Nelson
Batting: RHB Michael Meinert 0-0: Called Strike
0-1: Ball
1-1: DOUBLE (Line Drive, 89D, EV 105.0 MPH)
Batting: SHB Jacob Carmer 0-0: Ground out U3 (Groundball, 13, EV 83.1 MPH)
Michael Meinert to third
Batting: SHB Matt Russ 0-0: Ball
1-0: SINGLE (Groundball, 56D, EV 101.3 MPH)
Michael Meinert scores
Batting: LHB Steve Inniss 0-0: Called Strike
0-1: Ball
1-1: Called Strike
1-2: Ball
2-2: Grounds into double play, 5-4-3 (Groundball, 56, EV 81.9 MPH)
Bottom of the 7th over - 1 run, 2 hits, 0 errors, 0 left on base; Rome 3 - Augusta 1
TOP OF THE 8TH
Rome Braves batting - Pitching for Augusta GreenJackets : RHP Chip Herndon
Batting: LHB David Joachim 0-0: Called Strike
0-1: Swinging Strike
0-2: Foul Ball, location: 2F
0-2: Foul Ball, location: 2F
0-2: Ball
1-2: Foul Ball, location: 3F
1-2: Strikes out swinging
Batting: RHB Todd Cabe 0-0: Called Strike
0-1: Ball
1-1: Ball
2-1: Called Strike
2-2: Fly out, F9 (Flyball, 89M, EV 81.9 MPH)
Batting: SHB Steve Bachleitner 0-0: Ball
1-0: Called Strike
1-1: Foul Ball, location: 7LMF
1-2: Foul Ball, location: 7LSF
1-2: Foul Ball, location: 7LDF
1-2: Ball
2-2: Foul Ball, location: 7LDF
2-2: Foul Ball, location: 7LSF
2-2: Strikes out swinging
Top of the 8th over - 0 runs, 0 hits, 0 errors, 0 left on base; Rome 3 - Augusta 1
BOTTOM OF THE 8TH
Augusta GreenJackets batting - Pitching for Rome Braves : LHP Jonathan Nelson
Batting: RHB Kevin Sides 0-0: Foul Ball, location: 23FF
0-1: Foul Ball, location: 5SF
0-2: Ball
1-2: Strikes out swinging
Batting: RHB Andres Garcia 0-0: Called Strike
0-1: Swinging Strike
0-2: Ball
1-2: Foul Ball, location: 3F
1-2: Foul Ball, location: 2F
1-2: Fly out, F9 (Flyball, 9LSF, EV 95.6 MPH)
Batting: RHB Ted Voeltner 0-0: Foul Ball, location: 2F
0-1: Foul Ball, location: 2F
0-2: Ball
1-2: Strikes out swinging
Bottom of the 8th over - 0 runs, 0 hits, 0 errors, 0 left on base; Rome 3 - Augusta 1
TOP OF THE 9TH
Rome Braves batting - Pitching for Augusta GreenJackets : RHP Chip Herndon
Pitching: RHP Travis Slusser
Batting: RHB Ronnie Lambert 0-0: Swinging Strike
0-1: Called Strike
0-2: Ball
1-2: Ball
2-2: Ball
3-2: Strikes out swinging
Batting: LHB Justin Swartz 0-0: Foul Ball, location: 2F
0-1: Ball
1-1: Foul Ball, location: 3F
1-2: Ball
2-2: Strikes out swinging
Pinch Hitting: SHB Kyle Montgomery 0-0: Called Strike
0-1: Foul Ball, location: 2F
0-2: Strikes out swinging
Top of the 9th over - 0 runs, 0 hits, 0 errors, 0 left on base; Rome 3 - Augusta 1
BOTTOM OF THE 9TH
Augusta GreenJackets batting - Pitching for Rome Braves : LHP Jonathan Nelson
Now in CF: Robby Rios
Pinch Hitting: LHB Russ Sverdlov 0-0: Ball
1-0: Ball
2-0: Foul Ball, location: 2F
2-1: Swinging Strike
2-2: Strikes out swinging
Pinch Hitting: RHB Kevin Wallner 0-0: Foul Ball, location: 9LDF
0-1: Foul Ball, location: 7LSF, Error on foul ball, E7
0-2: Strikes out looking
Batting: RHB Michael Meinert 0-0: Ball
1-0: Foul Ball, location: 2F
1-1: Ball
2-1: Ball
3-1: Called Strike
3-2: TRIPLE (Flyball, 7LD, EV 100.6 MPH)
Pitching: RHP Brad Dunivent
Batting: SHB Jacob Carmer 0-0: Foul Ball, location: 5DF
0-1: Foul Ball, location: 7LMF
0-2: Foul Ball, location: 2F
0-2: Foul Ball, location: 3DF
0-2: Strikes out swinging
Bottom of the 9th over - 0 runs, 1 hit, 1 error, 1 left on base; Rome 3 - Augusta 1
Friday, May 3rd , 2024 - OOTP Baseball 24.11 Build 85